AoeStats
← RiD[D]iCK

Arabia

504490477Analyzed
2v2 RM · 27d ago on Sep 5, 2026· 46m 52s· 4 players
Game mode
Random Map
Map size
Medium (4 player)
Population
200
Speed
Normal
Resources
Standard
Victory
Conquest
Starting age
Dark Age
Ending age
Imperial Age
RankedLock teamsTeams togetherTeam positionsShared explorationLock speedFull tech treeHidden civsTurbo modeCheats
Victory
Defeat
🇷🇺 Vikings · Russia
772
+18
🇷🇺 Mongols · Russia
771
+17
🇵🇱 Turks · Poland
827
-18
🇫🇷 Bengalis · France
800
-17
RiD[D]iCK
12:25 Feudal Age
12:32 Man-at-Arms
12:54 Horse Collar
13:03 Double-Bit Axe
17:04 Forging
18:07 Scale Mail Armor
25:48 Castle Age
26:39 Stone Mining
26:42 Gold Mining
26:51 Arson
28:50 Iron Casting
28:32 Chain Mail Armor
27:39 Long Swordsman
28:27 Squires
32:44 Scale Barding Armor
32:03 Light Cavalry
34:18 Chain Barding Armor
36:38 Fletching
36:49 Padded Archer Armor
37:00 Chieftains
43:50 Imperial Age
45:57 Blast Furnace
45:27 Plate Mail Armor
46:29 Elite Berserk
TheMasterChief
11:00 Feudal Age
11:45 Double-Bit Axe
11:45 Horse Collar
20:26 Castle Age
19:27 Fletching
21:44 Bow Saw
21:36 Heavy Plow
21:32 Stone Mining
21:33 Gold Mining
26:29 Wheelbarrow
28:20 Hand Cart
28:10 Bodkin Arrow
28:17 Padded Archer Armor
29:24 Scale Barding Armor
30:18 Gold Shaft Mining
30:22 Stone Shaft Mining
30:45 Murder Holes
31:18 Ballistics
33:42 Imperial Age
32:43 Leather Archer Armor
32:49 Chain Barding Armor
36:22 Elite Mangudai
37:25 Conscription
39:59 Chemistry
40:37 Bracer
43:28 Caravan
Fleurian 1er
11:30 Feudal Age
17:58 Castle Age
15:50 Double-Bit Axe
15:58 Gold Mining
17:41 Forging
18:26 Scale Barding Armor
19:11 Bloodlines
21:17 Husbandry
23:33 Crossbowman
27:08 Fletching
27:18 Padded Archer Armor
28:29 Bodkin Arrow
29:28 Leather Archer Armor
30:09 Pikeman
33:09 Iron Casting
34:16 Scale Mail Armor
34:27 Pikeman
36:39 Arson
39:09 Squires
42:20 Wheelbarrow
45:46 Bow Saw
47:14 Ballistics
92marcinkol92
0:46 Loom
11:39 Feudal Age
12:58 Double-Bit Axe
13:50 Forging
23:12 Castle Age
21:15 Stone Mining
21:18 Gold Mining
21:39 Horse Collar
23:52 Wheelbarrow
24:38 Gold Shaft Mining
24:16 Bow Saw
24:10 Heavy Plow
25:28 Hand Cart
25:11 Town Watch
25:41 Town Watch
30:21 Imperial Age
28:42 Fletching
28:52 Padded Archer Armor
29:06 Treadmill Crane
29:47 Town Patrol
30:32 Masonry
31:30 Murder Holes
35:26 Elite Janissary
37:41 Hoardings
37:41 Architecture
38:26 Hoardings
39:41 Hoardings
40:50 Guard Tower
42:51 Artillery
43:13 Conscription
42:23 Sappers
43:21 Arrowslits
44:14 Keep
44:16 Bodkin Arrow
44:37 Leather Archer Armor
Connection lost

Rejoining the realm…

Still unreachable

The connection could not be restored.

Session expired

The server has moved on; the page needs a fresh start.